 Dungeon Crawl Stone Soup version 0.28.0-47-ge53b351184 (webtiles) character file.

Game seed: 13685772381688841913

8288 boopmooplesden the Carver (level 11, -2/99 HPs)
             Began as a Minotaur Berserker on May 8, 2022.
             Was an Elder of Trog.
             Shot with an arrow by a centaur (4 damage)
             ... on level 11 of the Dungeon.
             The game lasted 00:10:47 (10325 turns).

boopmooplesden the Carver (Minotaur Berserker)     Turns: 10325, Time: 00:10:47

Health: -2/99      AC: 19    Str: 25    XL:     11   Next: 7%
Magic:  10/10      EV: 10    Int:  4    God:    Trog [****..]
Gold:   615        SH:  0    Dex: 17    Spells: 10/10 levels left

rFire   . . .      SeeInvis .   G - +1 scimitar (flame)
rCold   . . .      Faith    .   (no shield)
rNeg    . . .      Spirit   .   D - +0 plate armour
rPois   .          Reflect  .   (helmet restricted)
rElec   .          Harm     .   j - +0 cloak
rCorr   .          Rampage  .   n - +0 pair of gloves
Will    ++...                   x - +0 pair of boots
Stlth   ..........              (no amulet)
HPRegen 1.26/turn               o - +6 ring of dexterity
MPRegen 0.12/turn               (no ring)

@: about to teleport, strong-willed, on berserk cooldown, regenerating, slowed,
very slow
A: horns 2, retaliatory headbutt
a: Renounce Religion, Berserk, Trog's Hand, Brothers in Arms


You were on level 11 of the Dungeon.
You worshipped Trog.
Trog was greatly pleased with you.
You visited 1 branch of the dungeon, and saw 11 of its levels.

You collected 615 gold pieces.

Inventory:

Hand Weapons
 a - a +1 scimitar
 s - a +1 dire flail of protection
 w - a +5 long sword
 G - a +1 scimitar of flaming (weapon)
Missiles
 p - 4 throwing nets (quivered)
Armour
 j - a +0 cloak (worn)
 n - a +0 pair of gloves (worn)
 x - a +0 pair of boots (worn)
 D - a +0 plate armour (worn)
Jewellery
 c - a ring of ice
 o - a +6 ring of dexterity (left hand)
 u - a ring of protection from fire
Wands
 b - a wand of mindburst (10)
 e - a wand of digging (3)
 k - a wand of paralysis (9)
 l - a wand of polymorph (14)
 q - a wand of acid (19)
 E - a wand of iceblast (3)
Scrolls
 d - 3 scrolls of fear
 g - 11 scrolls of identify
 h - a scroll of magic mapping
 t - a scroll of enchant weapon
 y - 2 scrolls of fog
 C - 3 scrolls of teleportation
Potions
 f - 3 potions of haste
 i - a potion of might {unknown}
 m - 2 potions of brilliance {unknown}
 r - a potion of attraction {unknown}
 v - 2 potions of mutation {unknown}
 z - 2 potions of degeneration {unknown}
 A - 3 potions of curing {unknown}
 B - a potion of heal wounds {unknown}
 F - a potion of flight {unknown}


   Skills:
 + Level 9.9 Fighting
 + Level 13.3 Long Blades
 + Level 11.8 Armour
 + Level 5.6 Dodging
 + Level 1.2 Stealth


You had 10 spell levels left.
You didn't know any spells.
Your spell library was empty.

Dungeon Overview and Level Annotations

Branches:
Dungeon (11/15)            Temple (0/1) D:5            Lair (0/6) D:9
    Orc (0/2) D:9

Altars:
Ashenzari
Cheibriados
Dithmenos
Hepliaklqana
Nemelex Xobeh
Okawaru
Trog
Uskayaw
Vehumet
Xom
The Shining One

Shops:
D:5 :   D:6 :

Annotations:
D:9 Erolcha
D:11 Sonja


Innate Abilities, Weirdness & Mutations

You have a pair of horns on your head.
You reflexively headbutt those who attack you in melee.


Message History

Sonja hits you but does no damage. Space warps around you.
* * * LOW HITPOINT WARNING * * *
Something hits you but does no damage.
The centaur unwields a +0 shortbow.
The centaur hits you but does no damage.
The centaur barely misses you.
The centaur wields a +0 shortbow.
The centaur shoots an arrow.
The arrow closely misses you.
The arrow hits Sonja!
Things that are here:
a +0 short sword; 4 curare-tipped darts Your skin crawls.
You feel strong-willed.
The centaur shoots an arrow.
The arrow hits you.
* * * LOW HITPOINT WARNING * * *
Sonja hits you with a +1 short sword of distortion.
* * * LOW HITPOINT WARNING * * *
Space warps around you.
* * * LOW HITPOINT WARNING * * *
Sonja closely misses you. Sonja barely misses you.
The centaur hits you but does no damage.
The centaur kicks you but does no damage.
The centaur shoots an arrow.
The arrow closely misses you.
The arrow hits Sonja!
The centaur shoots an arrow.
The arrow barely misses you. Something hits you but does no damage.
Sonja hits you but does no damage. x2
Space warps around you.
* * * LOW HITPOINT WARNING * * *
Sonja barely misses you.
The centaur hits you but does no damage.
The centaur kicks you but does no damage.
The centaur shoots an arrow.
The arrow hits you but does no damage.
The centaur shoots an arrow.
The arrow barely misses you.
Okay, then.
As you read the scroll of teleportation, it crumbles to dust.
You feel strangely unstable.
Sonja casts a spell.
Sonja blinks!
The centaur closely misses you. The centaur misses you.
The centaur shoots an arrow.
The arrow hits you!
* * * LOW HITPOINT WARNING * * *
Something hits you but does no damage.
The centaur shoots an arrow.
The arrow hits you.
You die...

....... ##.## #
...........# ##.## ##.
............# ##.## ##.#
............## ##.###..#
.............# #.......
...........)######...###.
....c......)).......## ##
.......coK.)######### #
........@.o.# ######
......c....## ##.....
...........### #......
.............# .......
......####.D..... ####...
.....# ......# ##....
...## .....## ##..... ...
.....# #...... #. .....#
.......


You could see a six-headed hydra, Sonja, 3 centaurs, an orc priest and an orc.

Vanquished Creatures
  Harold (D:9)
  Erica (D:10)
  A two-headed ogre (D:8)
  2 trolls
  A hornet (D:10)
  Sigmund (D:4)
  8 yaks (D:9)
  2 wyverns
  The ghost of Hrothgar the Bolt Thrower, an amateur HuHu of Dithmenos (D:4)
  2 vampire mosquitoes (D:10)
  3 water moccasins
  4 orc warriors
  2 ice beasts
  3 black bears
  A necrophage (D:4)
  An ogre (D:6)
  6 centaurs
  A phantom (D:6)
  3 bullfrogs
  A gnoll sergeant (D:6)
  2 scorpions
  A water moccasin zombie (D:7)
  8 killer bees
  4 wights (D:7)
  4 quasits (D:4)
  3 bullfrog zombies
  A centaur zombie (D:8)
  A centaur skeleton (D:4)
  A jelly (D:4)
  4 orc priests
  2 iguanas (D:5)
  A scorpion zombie (D:5)
  Natasha (thrice) (D:3)
  9 orc wizards
  Terence (D:2)
  A killer bee zombie (D:7)
  A hound skeleton (D:5)
  4 howler monkey zombies
  5 gnolls (D:6)
  7 adders
  A shadow imp (D:5)
  A white imp (D:7)
  An ufetubus (D:6)
  5 worms
  2 dart slugs
  43 orcs
  4 bats
  7 endoplasms
  3 giant cockroaches
  6 hobgoblins
  3 jackals (D:1)
  5 quokkas (D:1)
  6 ball pythons
  3 frilled lizards (D:1)
  8 goblins
  4 kobolds
  8 rats
  A spectral goblin (D:8)
219 creatures vanquished.

Vanquished Creatures (others)
  A wizard (D:10)
  An orc wizard (D:11)
2 creatures vanquished.

Grand Total: 221 creatures vanquished

Notes
Turn   | Place    | Note
-------+----------+-------------------------------------------
     0 | D:1      | boopmooplesden the Minotaur Berserker began the quest for
                  | the Orb.
     0 | D:1      | Reached XP level 1. HP: 19/19 MP: 0/0
    17 | D:1      | You fall into a shaft and drop 1 floor!
    19 | D:2      | Noticed Terence
    33 | D:2      | Reached skill level 4 in Long Blades
    33 | D:2      | Reached XP level 2. HP: 27/27 MP: 1/1
    35 | D:2      | Killed Terence
    36 | D:2      | Reached XP level 3. HP: 33/33 MP: 2/2
   136 | D:2      | Found a faded altar of an unknown god.
   755 | D:2      | Reached XP level 4. HP: 36/41 MP: 3/3
   953 | D:2      | Reached ** piety under Trog
   967 | D:2      | Reached skill level 5 in Long Blades
  2373 | D:3      | Reached XP level 5. HP: 47/47 MP: 4/4
  2445 | D:3      | Found a shadowy altar of Dithmenos.
  2589 | D:3      | Noticed Natasha
  2593 | D:3      | Killed Natasha
  2593 | D:3      | Paralysed by a kobold for 4 turns
  2751 | D:3      | Noticed Natasha
  2759 | D:3      | Killed Natasha
  2910 | D:3      | Noticed Natasha
  2914 | D:3      | Killed Natasha
  3142 | D:4      | Noticed a necrophage
  3150 | D:4      | Killed a necrophage
  3151 | D:4      | Reached skill level 6 in Long Blades
  3151 | D:4      | Reached XP level 6. HP: 55/55 MP: 5/5
  3293 | D:4      | Reached *** piety under Trog
  3376 | D:4      | Noticed Sigmund
  3394 | D:4      | Killed Sigmund
  3395 | D:4      | Reached skill level 5 in Fighting
  3395 | D:4      | Reached skill level 7 in Long Blades
  3395 | D:4      | Reached skill level 5 in Armour
  3395 | D:4      | Reached XP level 7. HP: 42/61 MP: 6/6
  3545 | D:4      | Noticed Hrothgar's ghost (amateur HuHu)
  3828 | D:4      | Found a transporter.
  3846 | D:4      | Found a transporter.
  4035 | D:4      | Killed Hrothgar's ghost
  4096 | D:5      | Entered Level 5 of the Dungeon
  4102 | D:5      | Reached skill level 8 in Long Blades
  4113 | D:5      | Reached XP level 8. HP: 64/70 MP: 7/7
  4266 | D:5      | Found a staircase to the Ecumenical Temple.
  4561 | D:5      | Found Ifriesk's Book Emporium.
  4722 | D:6      | Found a snail-covered altar of Cheibriados.
  5472 | D:6      | Found a shimmering altar of Xom.
  5475 | D:6      | Found a glowing golden altar of the Shining One.
  5475 | D:6      | Found a glowing golden altar of the Shining One.
  5477 | D:6      | Found a shimmering altar of Xom.
  5477 | D:6      | Found a radiant altar of Vehumet.
  5477 | D:6      | Found an iron altar of Okawaru.
  5656 | D:6      | Found Jeudave's Book Boutique.
  5753 | D:6      | Reached skill level 9 in Long Blades
  5753 | D:6      | Reached skill level 5 in Dodging
  5753 | D:6      | Reached skill level 1 in Stealth
  5824 | D:6      | Reached **** piety under Trog
  5953 | D:7      | Reached XP level 9. HP: 78/78 MP: 8/8
  6189 | D:7      | Found a broken altar of Ashenzari.
  6241 | D:7      | Reached skill level 10 in Long Blades
  6250 | D:7      | Found a sparkling altar of Nemelex Xobeh.
  7072 | D:8      | Noticed a two-headed ogre
  7077 | D:8      | Killed a two-headed ogre
  7078 | D:8      | Reached skill level 11 in Long Blades
  7078 | D:8      | Reached skill level 10 in Armour
  7110 | D:8      | Reached XP level 10. HP: 49/88 MP: 9/9
  7470 | D:8      | Found a hazy altar of Hepliaklqana.
  7641 | D:9      | Noticed Harold
  7641 | D:9      | Noticed Erolcha
  7975 | D:9      | Found a staircase to the Lair.
  8034 | D:9      | Killed Harold
  8084 | D:9      | Found a staircase to the Orcish Mines.
  8125 | D:9      | Reached skill level 12 in Long Blades
  8847 | D:10     | Entered Level 10 of the Dungeon
  9474 | D:10     | Reached skill level 13 in Long Blades
  9853 | D:10     | Found a bloodstained altar of Trog.
  9855 | D:10     | Noticed a wizard
  9860 | D:10     | Killed a wizard
  9909 | D:10     | Found a hide-covered altar of Uskayaw.
  9909 | D:10     | Noticed Erica
  9919 | D:10     | Killed Erica
  9920 | D:10     | Reached XP level 11. HP: 99/99 MP: 10/10
 10220 | D:11     | Found a shadowy altar of Dithmenos.
 10304 | D:11     | Noticed Sonja
 10319 | D:11     | Noticed a six-headed hydra
 10325 | D:11     | HP: 2/99 [centaur/arrow (8)]
 10325 | D:11     | Shot with an arrow by a centaur

Illustrated notes

Levels and vault maps discovered:
D:1:      lemuel_arrival_muddy, layout_loops_ring
D:2:      layout_basic, ebering_ecumenical_altar_abandoned, serial_glass,
          glass_columns_a, glass_columns_a, uniq_terence
D:3:      kennysheep_big_flooded_room, layout_loops_ring, lemuel_round_altar,
          uniq_natasha
D:4:      layout_loops_ring, gammafunk_ghost_stat_death,
          small_statue_intersection, uniq_sigmund
D:5:      layout_cave_pools, minmay_temple_entry_stoned_glass, serial_shops,
          nicolae_shop_statue_plus
D:6:      layout_loops_cross, doesnt_xom_only_xom, kennysheep_slug_shrine,
          serial_shops, shop, kennysheep_decorative_pillar, minmay_pentangle
D:7:      layout_rooms, nemelex_spade_bored_becter, nicolae_ashenzari_skybound,
          minmay_misc_feat_hallway
D:8:      layout_rooms, nicolae_hepliaklqana_monster_ancestors
D:9:      layout_roguey, lair_entry_dummy, david_orc_2, uniq_harold,
          uniq_erolcha
D:10:     layout_loops_ring, kennysheep_little_box, trog_wizard, uniq_erica
D:11:     layout_layer_cave, grunt_dithmenos_smoke, uniq_sonja

Skill      XL: |  1  2  3  4  5  6  7  8  9 10 |
---------------+-------------------------------+-----
Long Blades    | 4 5 6 7 8 9 11 13 | 13.3
Fighting       | 4 5 6 8 9 |  9.9
Armour         | 3 4 5 6 8 10 11 | 11.8
Dodging        | 3 4 5 |  5.6
Stealth        | 1 |  1.2

Action                   |  1- 3 |  4- 6 |  7- 9 | 10-12 || total
-------------------------+-------+-------+-------+-------++-------
Melee: Falchion          |    48 |   152 |    68 |       ||   268
       Headbutt          |     5 |    23 |    49 |    26 ||   103
       Punch             |     1 |     3 |     4 |     3 ||    11
       Scimitar          |       |       |   174 |   166 ||   340
Invok: Berserk           |     1 |     1 |     5 |     4 ||    11
       Trog's Hand       |       |       |     1 |     1 ||     2
  Use: Scroll            |       |     6 |     4 |     1 ||    11
Armor: Animal skin       |     4 |       |       |       ||     4
       Scale mail        |    17 |    55 |    83 |       ||   155
       Chain mail        |       |       |   115 |     2 ||   117
       Plate armour      |       |       |       |   113 ||   113
Dodge: Dodged            |    30 |    81 |   251 |    83 ||   445
